[Event "Late-Titled-Tuesday-Blitz-May-07-2024"]
[Site "Chess.com"]
[Date "2024.05.07"]
[Round "4"]
[White "azikom"]
[Black "WPWPWP-2015"]
[Result "1-0"]
[WhiteElo "2755"]
[BlackElo "2438"]
[TimeControl "180+1"]
[EndTime "14:40:19 PDT"]
[Termination "azikom won by checkmate"]

1. c4 e5 2. Nc3 Nf6 3. e3 Bb4 4. Nge2 O-O 5. a3 Bxc3 6. Nxc3 d6 7.
d3 Re8 8. Be2 Nc6 9. O-O h6 10.
b4 Ne7 11. e4 c5 12. bxc5 dxc5 13. Nd5 Ng6 14. Be3 b6 15. a4 Be6 16. a5 Bxd5 17.
cxd5 Rf8 18. g3 Ne8 19. Qb3 Rb8 20. axb6 axb6 21. Ra6 Qc7 22. Rb1 Nf6 23. Rxb6 Rxb6 24. Qxb6 Qd7 25. Qxc5 Rc8 26. Qb5 Qh3 27. Bf1 Qg4 28.
h3 Qf3 29. Bg2 Qe2 30. d4 Qh5 31. Qb2 Re8 32. dxe5 Nxe5 33. Bd4 Nc4 34. Qc3 Nd6 35. Bxf6 gxf6 36. Qxf6 Nc4 37. Qf4 Qg6 38. Rc1 Ne5 39.
Qf5 Qxf5 40. exf5 Kg7 41. g4 Kf6 42. Kh2 Nd3 43. Rc6+ Kg7 44. Kg3 Ne5 45. Ra6 Nd7 46. d6 Rd8 47. f4 Nf6 48. g5 hxg5 49. fxg5 Ne8 50. f6+ Kf8 51. Ra8 Rxa8 52. Bxa8 Nxd6 53. h4 Nf5+ 54. Kh3 Nd4 55. Bd5 Nb5 56. Be4 Nd6 57. Bd3 Ne8 58. Kg4 Kg8 59. h5 Kf8 60. h6 Kg8 61. Bc4 Nd6 62. Ba2 Kh8 63. Kh5 Kg8 64. g6 Kh8 65. Bxf7 Nxf7 66. gxf7 Kh7 67.
Kg5 Kh8 68. f8=Q+ Kh7 69. Qg7# 1-0

[Event "Late-Titled-Tuesday-Blitz-May-07-2024"]
[Site "Chess.com"]
[Date "2024.05.07"]
[Round "4"]
[White "Tibmat"]
[Black "Smiechu"]
[Result "1/2-1/2"]
[WhiteElo "2679"]
[BlackElo "2444"]
[TimeControl "180+1"]
[EndTime "14:40:26 PDT"]
[Termination "Game drawn - insufficient material"]

1. e4 c5 2. Nf3 g6 3. c3 Bg7 4. d4 cxd4 5. cxd4 d5 6. e5 Nh6 7. Bb5+ Bd7 8. Bxd7+ Qxd7 9. O-O O-O 10. Nc3 Nc6 11.
Re1 e6 12. Bf4 Nf5 13. Qd2 f6 14. Rad1 fxe5 15. Nxe5 Nxe5 16. Bxe5 Nd6 17. Bxg7 Kxg7 18. b3 Rae8 19. Re5 Rf5 20. Rde1 Qf7 21. f3 Rf8 22.
Qe3 h5 23. Rxe6 Ne4 24. Nxe4 Qxe6 25. Ng3 Qxe3+ 26. Rxe3 Rf4 27. Ne2 R4f6 28. Re5 Rc6 29. Kf2 Rc2 30. Ke3 Rxa2 31. Nf4 Rxf4 32. Kxf4 Rxg2 33. h4 Kf6 34. Rxd5 Rh2 35. Kg3 Rb2 36.
Rd6+ Kf5 37. Rd5+ Ke6 38. Re5+ Kf6 39. Rb5 b6 40. Kf4 Ke6 41. d5+ Kd6 42. Kg5 Rg2+ 43. Kf6 Rg3 44. Rb4 Rxf3+ 45. Kxg6 Kxd5 46. Kxh5 Kc5 47. Rc4+ Kb5 48. Kg6 Rxb3 49. Re4 Rg3+ 50. Kf5 Rg1 51. h5 Rh1 52. Kg5 a5 53. h6 a4 54.
Rh4 Rg1+ 55. Kf6 Rg8 56. Kf7 Rh8 57. Kg7 Rc8 58. h7 a3 59. h8=Q Rxh8 60. Kxh8 a2 61. Rh1 Kb4 62. Kg7 Kb3 63. Kf6 b5 64. Ke5 Kc3 65.
Ra1 Kb2 66. Re1 b4 67. Kd4 b3 68. Kc4 Kc2 69. Ra1 Kb2 70. Rf1 Kc2 71. Ra1 b2 72. Rxa2 Kc1 73. Rxb2 Kxb2 1/2-1/2

[Event "Late-Titled-Tuesday-Blitz-May-07-2024"]
[Site "Chess.com"]
[Date "2024.05.07"]
[Round "4"]
[White "Meri-Arabidze"]
[Black "kingofthenil"]
[Result "1-0"]
[WhiteElo "2731"]
[BlackElo "2859"]
[TimeControl "180+1"]
[EndTime "14:40:38 PDT"]
[Termination "Meri-Arabidze won on time"]

1. Nf3 e6 2. c4 d5 3. g3 Nf6 4.
Bg2 Be7 5. O-O O-O 6. b3 Nc6 7.
Bb2 d4 8. e3 e5 9. exd4 e4 10. Ng5 Nxd4 11. Nxe4 Nxe4 12. Bxe4 Bh3 13. Re1 Bf6 14. Nc3 g6 15. Bxb7 Bg7 16. Bg2 Qd7 17. Nd5 Rfe8 18. Re3 c6 19. Bxh3 Qxh3 20. Nf4 Qf5 21.
Bc3 Nc2 22. Bxg7 Kxg7 23. Qc1 Nxe3 24. dxe3 Rad8 25. h4 h6 26. Qc3+ Qf6 27. Qxf6+ Kxf6 28. Kf1 Rd2 29. Ke1 Red8 30. Nd5+ R8xd5 31. cxd5 Rxd5 32. Ke2 Ra5 33. Kd3 g5 34. hxg5+ hxg5 35. a4 g4 36. Rc1 Rd5+ 37. Ke2 c5 38. Rc4 Kg5 39. Rc3 f5 40.
Rd3 Re5 41. Kd2 Re7 42. Kc3 Rh7 43. Kc4 Rc7 44. Rd5 Rh7 45. e4 Kg6 46. exf5+ Kf6 47. Kxc5 Rh2 48. Rd2 Rh1 49. b4 Ra1 50. a5 Ra4 51. Kb5 Ra3 52. Rd7 Rf3 53. Rxa7 Rxf5+ 54. Ka4 Rxf2 55. Ra8 Rf3 56. Rf8+ Ke7 57. Rg8 Rxg3 58. a6 Rg1 59. Kb5 Kf7 60. Rg5 Kf6 61. Rg8 Ra1 62. Rxg4 Ke6 63. Rc4 Kd7 64. Rc5 Rb1 65. Ka5 Ra1+ 66.
Kb6 Kd6 67. b5 Kd7 68. Rc6 Kd8 69. Rd6+ Kc8 70. Rh6 Re1 71. Rh8+ Kd7 72. a7 Ra1 73. a8=Q Rxa8 74. Rxa8 Kd6 75. Ra7 Kd5 76. Rc7 Kd6 77.
Rc6+ Kd7 78. Kc5 Kd8 79. b6 1-0

[Event "Late-Titled-Tuesday-Blitz-May-07-2024"]
[Site "Chess.com"]
[Date "2024.05.07"]
[Round "4"]
[White "rdarruda"]
[Black "TanitoluwaAps116"]
[Result "1-0"]
[WhiteElo "2568"]
[BlackElo "2731"]
[TimeControl "180+1"]
[EndTime "14:40:44 PDT"]
[Termination "rdarruda won by checkmate"]

1. d4 Nf6 2. Nf3 e6 3. g3 b5 4. Bg2 Bb7 5. O-O c5 6. c3 cxd4 7. cxd4 Be7 8. b3 O-O 9. Bb2 d6 10. Nc3 a6 11. Rc1 Nbd7 12. Qd2 Rc8 13. Rfd1 Qb6 14.
Ne1 Bxg2 15. Nxg2 d5 16. Nf4 Bd6 17. e3 g6 18. Nd3 b4 19. Na4 Qb5 20. Rxc8 Rxc8 21.
Rc1 Rxc1+ 22. Bxc1 Qc6 23. Bb2 a5 24. Qc1 Qxc1+ 25.
Bxc1 Kf8 26. f3 Ke8 27. Kf2 Kd8 28. Ke2 Kc7 29. Bb2 Kc6 30. Nf2 Kb5 31. e4 Bb8 32. Bc1 Ba7 33. Be3 Kc6 34. Nb2 Kb5 35. Nbd3 a4 36. g4 axb3 37. axb3 Bb6 38. h3 Bc7 39. Bd2 Ba5 40. Bg5 Ne8 41. Be7 Bb6 42. exd5 exd5 43.
Nxb4 Bxd4 44. Nxd5 Kc6 45. Nb4+ Kb5 46. Nc2 Bb6 47.
Ne4 Nc7 48. Ng5 f6 49. Nxh7 Nd5 50. Bd6 Kc6 51. Bg3 Nc5 52. Nd4+ Kd7 53. Nf8+ Ke7 54. Nxg6+ Kf7 55. Nf4 Nb4 56. Ng2 Nd7 57. Bf2 Nc5 58.
Ne1 Nd7 59. Ndc2 Nd5 60. Bxb6 N7xb6 61. Nd3 Ke6 62. h4 Nd7 63. h5 Kf7 64. Nd4 Kg7 65. b4 N7b6 66. b5 Nc4 67. Ne6+ Kf7 68. Ndf4 Nc3+ 69.
Kd3 Nxb5 70. Kxc4 Nd6+ 71. Kd5 Ke7 72. h6 Nf7 73. h7 Nh8 74. Nh5 Kf7 75. Nhf4 Ke7 76.
Nd4 Kf7 77. Nf5 Ke8 78. Kd6 Kf8 79. Ke6 Nf7 80. Kxf6 Nh8 81. Ng6+ Ke8 82. Nxh8 Kd7 83. Ng6 Kc6 84. h8=Q Kd5 85. Qd8+ Kc4 86. Ne5+ Kc3 87. Qc7+ Kd2 88. Qd6+ Ke2 89. Nc4 Kf2 90. Qg3+ Ke2 91.
f4 Kf1 92. Qh2 Ke1 93. Nd4 Kf1 94. Ne3+ Ke1 95. Qe2# 1-0

[Event "Late-Titled-Tuesday-Blitz-May-07-2024"]
[Site "Chess.com"]
[Date "2024.05.07"]
[Round "4"]
[White "ArtemDyachuk"]
[Black "MaiqMaster"]
[Result "1-0"]
[WhiteElo "2705"]
[BlackElo "2501"]
[TimeControl "180+1"]
[EndTime "14:40:44 PDT"]
[Termination "ArtemDyachuk won by resignation"]

1. e4 c5 2. Nf3 e6 3. d4 cxd4 4. Nxd4 Nc6 5. Nc3 Qc7 6. Be3 a6 7. Be2 Nf6 8. O-O Be7 9. f4 d6 10. Qe1 O-O 11. Qg3 Nxd4 12. Bxd4 b5 13. Bd3 Bb7 14.
Rae1 g6 15. Nd1 Nh5 16. Qe3 Bf6 17. Bxf6 Nxf6 18. Nf2 Qc5 19. Qh3 Rac8 20. Kh1 Nh5 21. Qh4 f5 22. Qe7 Bxe4 23. Qxe6+ Kh8 24. Nxe4 fxe4 25. Rxe4 Ng7 26. Qg4 Rce8 27. Rxe8 Rxe8 28. h3 Rf8 29. Qg5 Qxg5 30. fxg5 Rxf1+ 31. Bxf1 Ne6 32. h4 Nc5 33. Bd3 Kg7 34. Kg1 Kf7 35. Kf2 Ke6 36. Ke3 Ke5 37. Be2 Ne4 38. Bf3 Ng3 39. Bb7 Nf5+ 40. Kf3 a5 41. Kg4 b4 42. Kh3 Ne3 43. c3 Nd1 44. cxb4 axb4 45. Kg3 Nxb2 46. Kf3 Nd3 47. g4 Nc5 48. Bc8 Ne6 49. Ke3 Nc5 50. Kf3 Na4 51. h5 Nc3 52. hxg6 hxg6 53. Ke3 Ne4 54.
Kd3 Nxg5 55. Kc4 Ne4 56. Kxb4 Nf2 57. a4 Nd3+ 58. Kb5 Nc5 59. a5 Kf4 60. Kc6 Ke5 61. a6 Nxa6 62. Bxa6 d5 63. Be2 d4 64. Kc5 Ke4 65.
Bd1 d3 66. Kc4 Ke3 67. Kc3 g5 68. Bb3 Kf3 69. Be6 Ke2 70. Bc4 Kf3 71. Be6 Ke2 72. Kd4 d2 73. Bb3 Kf3 74. Bd1+ Kf4 75. Kd5 Ke3 76.
Ke5 Kf2 77. Kf5 Ke1 78. Bb3 Ke2 79. Kxg5 Kd3 80. Kf5 Kc3 81. Bd1 Kb2 82. g5 Kc1 83. Bg4 1-0

[Event "Late-Titled-Tuesday-Blitz-May-07-2024"]
[Site "Chess.com"]
[Date "2024.05.07"]
[Round "4"]
[White "MITerryble"]
[Black "Dedic8"]
[Result "1-0"]
[WhiteElo "3031"]
[BlackElo "2867"]
[TimeControl "180+1"]
[EndTime "14:40:47 PDT"]
[Termination "MITerryble won by resignation"]

1. d4 Nf6 2. Bg5 d5 3. e3 Bf5 4.
Bd3 Bxd3 5. Qxd3 e6 6. Qb3 Nc6 7. Nd2 Be7 8. Qxb7 Nb4 9. Qb5+ Qd7 10. Qxd7+ Nxd7 11. Bxe7 Kxe7 12. Kd1 c5 13. Ngf3 Rhc8 14. a3 Nc6 15. c3 Rab8 16. Rb1 Rb7 17. Kc2 e5 18.
dxe5 Ndxe5 19. Nxe5 Nxe5 20. h3 f5 21. Rhd1 a5 22.
Nf3 Nxf3 23. gxf3 Ke6 24. f4 a4 25. b3 axb3+ 26. Rxb3 Rxb3 27. Kxb3 Rb8+ 28. Kc2 Ra8 29. Ra1 d4 30. c4 dxe3 31. fxe3 h6 32. h4 Kf6 33. a4 Ra5 34. Kb3 g5 35. hxg5+ hxg5 36. fxg5+ Kxg5 37. Rd1 Ra8 38. Ra1 Re8 39. a5 Rxe3+ 40.
Ka4 f4 41. a6 f3 42. a7 Re8 43. Kb5 f2 44. Kxc5 Re1 45. a8=Q f1=Q 46. Qd5+ Kh4 47. Qd4+ Kh5 48. Qh8+ Kg4 49. Qg7+ Kh5 50. Qh8+ Kg5 51. Qd8+ Kh5 52. Qe8+ Rxe8 53. Rxf1 Rc8+ 54. Kb4 Rb8+ 55.
Kc3 Rc8 56. Rg1 Kh6 57. Rg2 Kh5 58. Rg1 Kh6 59. Rg4 Kh5 60. Rg7 Kh6 61. Rg2 Kh5 62. Rd2 Kg5 63. Rd6 Kf5 64. Kd4 Ra8 65. c5 Ra1 66.
Kd5 Rd1+ 67. Kc6 Rc1 68. Kb6 Ke5 69. Rd2 Rb1+ 70. Kc7 Ke6 71. c6 Rc1 72. Re2+ Kf7 73.
Kb7 Rb1+ 74. Kc8 Rc1 75. c7 Rc3 76. Re1 Rc2 77. Re4 Rc1 78. Re5 Rc2 79. Kb7 Kf6 80.
Rb5 Ke7 81. c8=Q Rxc8 82. Kxc8 1-0

[Event "Late-Titled-Tuesday-Blitz-May-07-2024"]
[Site "Chess.com"]
[Date "2024.05.07"]
[Round "4"]
[White "Firouzja2003"]
[Black "penguingm1"]
[Result "1-0"]
[WhiteElo "3194"]
[BlackElo "2896"]
[TimeControl "180+1"]
[EndTime "14:40:52 PDT"]
[Termination "Firouzja2003 won by resignation"]

1. e4 e5 2. Nf3 Nc6 3. Bb5 g6 4. O-O Bg7 5. Re1 a6 6. Bc4 b5 7. Bf1 d6 8. a4 b4 9. c3 Nf6 10. d4 bxc3 11. bxc3 O-O 12. d5 Na5 13. Nbd2 Nd7 14. Ba3 f5 15. Rb1 Nb6 16. Bb4 Nb7 17. a5 Nd7 18. Bd3 Nf6 19. Qc2 Kh8 20. exf5 gxf5 21.
Bxf5 Bxf5 22. Qxf5 Nxd5 23. Qe4 c6 24. g3 Qf6 25. Kg2 Rae8 26. Qh4 Qf5 27. Qe4 Qf6 28. Rf1 Nxb4 29. Rxb4 Nxa5 30. Qh4 Qf5 31. Rg4 d5 32. Rg5 Qf6 33. Rh5 Qxh4 34. Nxh4 Kg8 35. Nf5 Bf6 36. Ra1 Bd8 37. Nf3 Rf6 38. Nh6+ Kg7 39. Ng4 Rfe6 40.
Ngxe5 h6 41. Nd3 Rf6 42. Nf4 Bc7 43. Nd3 Ref8 44. Nd4 Bb6 45. Re1 R8f7 46. f4 Bxd4 47. cxd4 Nc4 48. Ne5 Ra7 49. Nxc4 dxc4 50. Rc1 a5 51.
Rc5 a4 52. R5xc4 Rd6 53. Ra1 a3 54. Kf3 Kf6 55. Ke4 h5 56. Kd3 Kf5 57. h3 h4 58. Rc5+ Kg6 59. g4 a2 60. Rc4 Ra3+ 61.
Rc3 Ra4 62. Kc2 Raxd4 63. f5+ Kg5 64. Rxa2 Rd2+ 65. Kb3 R2d3 66. Rc2 Rg3 67. Rf2 Rdd3 68. Rxd3 Rxd3+ 69. Kc4 Rd6 70. f6 Rxf6 71. Rxf6 Kxf6 72.
Kc5 Ke5 73. Kxc6 Kf4 74. Kd6 Kg3 75. g5 Kxh3 76. g6 Kh2 77. g7 h3 78. g8=Q Kh1 79.
Qd5+ Kg1 80. Qg5+ Kh1 81. Qf4 Kg2 82. Qg4+ 1-0

[Event "Late-Titled-Tuesday-Blitz-May-07-2024"]
[Site "Chess.com"]
[Date "2024.05.07"]
[Round "4"]
[White "Emp3rador"]
[Black "SharathRk6"]
[Result "1-0"]
[WhiteElo "2626"]
[BlackElo "2469"]
[TimeControl "180+1"]
[EndTime "14:40:52 PDT"]
[Termination "Emp3rador won by resignation"]

1. e4 e5 2. Nf3 Nc6 3. d4 exd4 4. Nxd4 Nf6 5. Nc3 Bb4 6. Nxc6 bxc6 7. Bd3 O-O 8. O-O d5 9. exd5 cxd5 10. Bg5 c6 11.
Qf3 Be7 12. Rfe1 h6 13. Bf4 Be6 14. h3 d4 15. Ne4 Nd5 16. Be5 c5 17. Qg3 Nf6 18.
Bxf6 Bxf6 19. Nxc5 Bd5 20. Be4 Rc8 21. Bxd5 Qxd5 22.
Ne4 Be5 23. Qd3 f5 24. Nd2 Rfe8 25. Re2 Bf4 26. Rxe8+ Rxe8 27. Nf3 Rd8 28. b3 Qe4 29. Rd1 Bc7 30. Nxd4 Bb6 31. Qxe4 fxe4 32. c3 Rc8 33. Ne2 Rf8 34. Nd4 Rc8 35. Ne2 Rf8 36. Rf1 Rd8 37. Nd4 Bxd4 38. cxd4 Rxd4 39. Re1 Rd2 40. Rxe4 Rxa2 41.
Rb4 Rb2 42. Rb7 a5 43. Rb5 Kh7 44. g3 Ra2 45. Kg2 a4 46. b4 Rb2 47. Kf3 a3 48. Ra5 a2 49. Kg2 Kg6 50. b5 Rxb5 51.
Rxa2 Kf6 52. Ra4 Rb6 53. Rf4+ Kg6 54. Kf3 Rb3+ 55. Kg2 Kh7 56. Re4 g5 57. Re3 Rb4 58. Kf3 Kg6 59. Re4 Rb3+ 60. Re3 Rb4 61. Re6+ Kg7 62. Rd6 Rb3+ 63. Kg4 Rb2 64. Kh5 Rxf2 65. Rxh6 Rf3 66. Rg6+ Kh7 67. Rxg5 Ra3 68. h4 Ra4 69. g4 Ra6 70. Rd5 Rh6+ 71. Kg5 Rg6+ 72. Kf4 Rf6+ 73. Rf5 Ra6 74. h5 Kg7 75. Kg5 Kh7 76. Rc5 Ra7 77.
Kf5 Ra6 78. g5 Ra7 79. Re5 Rb7 80. Kf6 Rb6+ 81. Re6 Rb8 82. Re7+ Kh8 83. g6 Rf8+ 84. Kg5 Ra8 85. Kh6 Rb8 86. Kg5 Ra8 87. h6 Ra5+ 88.
Kf6 Ra6+ 89. Kf7 Ra8 90. Re8+ Rxe8 91. Kxe8 Kg8 92. g7 Kh7 93. Kf7 Kxh6 94. g8=Q 1-0

[Event "Late-Titled-Tuesday-Blitz-May-07-2024"]
[Site "Chess.com"]
[Date "2024.05.07"]
[Round "4"]
[White "CarlosjPineror"]
[Black "elchacal664"]
[Result "1/2-1/2"]
[WhiteElo "2653"]
[BlackElo "2377"]
[TimeControl "180+1"]
[EndTime "14:40:54 PDT"]
[Termination "Game drawn by repetition"]

1. e4 c5 2. Nf3 e6 3. d4 cxd4 4. Nxd4 a6 5. Bd3 Qc7 6. Qe2 d6 7. O-O b6 8. c4 Bb7 9. Nc3 Nd7 10. f4 Ngf6 11. Bd2 g6 12. Nf3 Bg7 13. Rae1 O-O 14. h3 d5 15. e5 Nh5 16. Kh2 dxc4 17. Bxc4 Bh6 18. Nh4 Nxe5 19. Qxe5 Qxc4 20. g4 Rfd8 21.
Bc1 Bg7 22. Qe2 Qxe2+ 23. Rxe2 Nf6 24. f5 exf5 25. gxf5 a5 26. Bg5 Ba6 27. fxg6 Bxe2 28. Nxe2 Rd6 29. gxf7+ Kxf7 30. Nf5 Re6 31. Ned4 Rae8 32.
Nxe6 Rxe6 33. Nxg7 Kxg7 34. Bxf6+ Rxf6 35. Rxf6 Kxf6 36. Kg3 Kf5 37. Kf3 h5 38. a4 Kg5 39. Kg3 h4+ 40. Kf3 Kf5 41. b3 Ke5 42. Kg4 Kd4 43. Kxh4 Kc3 44.
Kg5 Kxb3 45. h4 b5 46. h5 bxa4 47. h6 a3 48. h7 Kc2 49. h8=Q Kb1 50. Qb8+ Ka2 51. Qh2+ Kb1 52. Qg1+ Kb2 53. Qf2+ Kb1 54.
Qe1+ Kb2 55. Qd2+ Kb1 56. Qd3+ Kb2 57. Qd4+ Kb1 58. Qd3+ Kb2 59. Qd2+ Kb1 60. Qe1+ Kb2 61. Qf2+ Kb1 62. Qf5+ Kb2 63. Qe5+ Kb1 64. Kf4 a2 65. Qe4+ Kb2 66. Qd4+ Kb1 67. Qd3+ Kb2 68. Qb5+ Ka1 69. Qxa5 Kb1 70. Qb6+ Kc2 71. Qf6 Kb1 72. Qf5+ Kb2 73. Qe5+ Kb1 74. Qe1+ Kb2 75. Qd2+ Kb1 76. Qd3+ Kb2 77.
Qb5+ Ka1 78. Qa6 Kb2 79. Qf6+ Kb1 80. Qb6+ Ka1 81. Qa5 Kb2 82. Qd2+ Kb1 83. Qd1+ Kb2 84. Qd2+ 1/2-1/2

[Event "Late-Titled-Tuesday-Blitz-May-07-2024"]
[Site "Chess.com"]
[Date "2024.05.07"]
[Round "4"]
[White "manmanlai1"]
[Black "Rodalquilar"]
[Result "1/2-1/2"]
[WhiteElo "2584"]
[BlackElo "2765"]
[TimeControl "180+1"]
[EndTime "14:40:57 PDT"]
[Termination "Game drawn - insufficient material"]

1. e4 d5 2. exd5 Qxd5 3. Nc3 Qa5 4. d4 Nf6 5. Nf3 Bf5 6. Ne5 c6 7. g4 Be6 8. Bd2 Nbd7 9. Nxd7 Bxd7 10. h3 Qb6 11. Qf3 e6 12. O-O-O h6 13. Bf4 Be7 14. Be5 Rg8 15. Bg2 Qa5 16. Kb1 O-O-O 17. Rhe1 Be8 18. h4 Bd6 19. g5 hxg5 20. hxg5 Nd5 21. Ne4 Bc7 22. a3 Kb8 23. Bh3 Qb5 24. Bf1 Qa5 25.
Kc1 a6 26. Bh3 Qb5 27. g6 f5 28. Nc5 Bxe5 29. Rxe5 Bxg6 30. Nxe6 Rde8 31. Bxf5 Bxf5 32. Qxf5 Qb6 33. Nc5 Rxe5 34. Qxe5+ Ka7 35. Qe6 Rd8 36. Qe5 Nc7 37. Qxg7 Nb5 38. Qe5 Nd6 39. Qe2 Qc7 40.
Qd3 Qf7 41. Kb1 Qxf2 42. Ne4 Nxe4 43. Qxe4 Qf7 44. Qe5 Rd5 45. Qe2 Qd7 46. c3 Qf5+ 47.
Qd3 Qd7 48. Qe4 Rd6 49. Ka1 Rd5 50. Rf1 Rd6 51. Rh1 Re6 52. Qd3 Qd5 53. Rd1 Rd6 54. Qc2 c5 55. Kb1 c4 56. Ka2 Rb6 57. Rd2 Qb5 58.
Rf2 a5 59. Re2 a4 60. Re5 Qb3+ 61. Kb1 Rf6 62. Re1 Rf3 63. Kc1 Rd3 64. Qxb3 axb3 65. Re5 Rg3 66. Rc5 Rg1+ 67. Kd2 Rg2+ 68. Ke3 Rxb2 69. Rxc4 Rb1 70. Rb4 Ka6 71. Kd3 Ka5 72.
Kc4 b5+ 73. Rxb5+ Ka4 74. Rb8 Kxa3 75. Ra8+ Kb2 76. d5 Kc2 77. d6 b2 78. Rb8 Rd1 79. Rxb2+ Kxb2 80. Kc5 Kxc3 81. Kc6 Kb4 82. d7 Rc1+ 83.
Kb7 Rd1 84. Kc7 Rc1+ 85. Kb7 Rd1 86. Kc7 Kc5 87. d8=Q Rxd8 88. Kxd8 1/2-1/2

[Event "Late-Titled-Tuesday-Blitz-May-07-2024"]
[Site "Chess.com"]
[Date "2024.05.07"]
[Round "4"]
[White "As0nchess"]
[Black "sofaceindisguise"]
[Result "0-1"]
[WhiteElo "2539"]
[BlackElo "2729"]
[TimeControl "180+1"]
[EndTime "14:41:00 PDT"]
[Termination "sofaceindisguise won by resignation"]

1. e4 c5 2. Nf3 e6 3. d4 cxd4 4.
Qxd4 d6 5. c4 Nf6 6. Nc3 a6 7. Be2 Qc7 8. O-O Be7 9. Bg5 Nbd7 10.
Rac1 b6 11. Rfd1 Bb7 12. Bh4 Ne5 13. Bg3 Nfd7 14. Ne1 g5 15. b3 h5 16. h3 h4 17.
Bh2 Rg8 18. f3 Qc5 19. Kh1 Qxd4 20. Rxd4 O-O-O 21. Rdd1 Kb8 22. Nc2 Rc8 23. Ne3 Rgd8 24. Bg1 Nc5 25. Bf2 Bf6 26. Kg1 Ng6 27. Ng4 Be7 28. Bf1 Nf4 29. Be3 Ng6 30. b4 Nd7 31. Na4 Rc6 32. a3 Rdc8 33. Kf2 Nf4 34. Nh6 Rf8 35. Bd4 Bf6 36. Bxf6 Nxf6 37. b5 axb5 38. cxb5 Rxc1 39. Rxc1 Nd7 40. Nb2 Nc5 41. Ke3 f5 42. exf5 exf5 43. Re1 Rf6 44. Ng8 Rg6 45. Ne7 Re6+ 46.
Kf2 Rf6 47. Re3 Kc7 48. Bc4 Kd8 49. Nc6+ Bxc6 50. bxc6 Kc7 51. Bb5 Re6 52. Rxe6 Nfxe6 53. a4 Nd4 54. Nc4 Nxc6 55. Ne3 Nd4 56. Nd5+ Kb7 57.
Be8 f4 58. Nf6 Nd3+ 59. Kf1 Kc7 60. Nh7 Nc2 61. Bg6 Ne3+ 62. Kg1 Ne5 63. Nxg5 Nxg6 64. Kf2 Kc6 65. Ke2 d5 66. Kd3 Kd6 67. Kd4 Nf5+ 68.
Kd3 Ne5+ 69. Ke2 d4 70. Ne4+ Kd5 71. Nf6+ Kc4 72. Nh5 d3+ 73. Kd2 Ng6 74. Nf6 Nd4 75. Ne4 Nb3+ 76. Kd1 Ne5 77. Nd6+ Kd4 78. Nf5+ Kc3 79.
Nd6 Nc4 80. Ne4+ Kd4 81. Ke1 d2+ 82. Ke2 Ne3 83. Nxd2 Nxd2 84. Kxd2 Nxg2 85. Kc2 Ne1+ 0-1

[Event "Late-Titled-Tuesday-Blitz-May-07-2024"]
[Site "Chess.com"]
[Date "2024.05.07"]
[Round "4"]
[White "Oleg_Papayan"]
[Black "Slovafn"]
[Result "1/2-1/2"]
[WhiteElo "2639"]
[BlackElo "2424"]
[TimeControl "180+1"]
[EndTime "14:41:29 PDT"]
[Termination "Game drawn by repetition"]

1. e4 c5 2. d4 cxd4 3. Qxd4 Nc6 4. Qd3 g6 5. Nc3 Bg7 6. Nf3 Nf6 7. Be2 O-O 8. O-O d5 9. Nxd5 Nxd5 10. exd5 Nb4 11. Qb3 a5 12. a3 Nxd5 13. Rd1 e6 14. c4 Qb6 15. Qc2 Nf6 16. Be3 Qc6 17. Nd4 Qe8 18. Nb5 Qe7 19. Bf3 e5 20. c5 Bf5 21. Qc4 e4 22. Be2 Be6 23. Qc2 a4 24. Nd4 Nd5 25.
Nxe6 Qxe6 26. Bd4 Bxd4 27. Rxd4 Nf4 28. Rxe4 Nxe2+ 29. Qxe2 Qb3 30. Rb4 Qd5 31. Qc4 Qc6 32. Rb6 Qc7 33. Qb5 Rac8 34. Rxb7 Qxc5 35. Qxc5 Rxc5 36.
Ra7 Rfc8 37. g3 Rc2 38. Rxa4 Rxb2 39. Rf4 Rcc2 40. a4 Ra2 41. Rb1 Rc7 42. h4 Ra7 43.
Rbb4 h5 44. Kg2 Kg7 45. Rfe4 Ra3 46. Red4 Ra2 47. Rf4 Ra3 48. Kf1 Ra2 49. Ke1 Rc7 50.
Rfc4 Re7+ 51. Re4 Rc7 52. Rbc4 Rb7 53. Kf1 Rb1+ 54. Kg2 Rb7 55. Re5 Ra7 56. Ree4 Rb7 57. Kf3 Rb3+ 58. Re3 Rbb2 59. Ke4 Rxf2 60. Kd5 Rfd2+ 61. Kc5 Rd7 62. Kc6 Ra7 63. Ree4 Ra5 64.
Kb6 Ra8 65. Kb7 Rb2+ 66. Rb4 Rxa4 67. Rxb2 Rxe4 68. Rb3 Kf6 69. Kc6 Rd4 70. Rf3+ Ke6 71.
Kc5 Rd2 72. Kc4 f6 73. Re3+ Kf5 74. Rf3+ Ke5 75. Re3+ Kf5 76. Rf3+ Kg4 77. Rxf6 Kxg3 78.
Rxg6+ Kxh4 79. Kc3 Rd8 80. Rg7 Kh3 81. Rg5 h4 82.
Rg7 Kh2 83. Kc2 h3 84. Kc3 Kh1 85. Kc2 Rf8 86. Kd2 Rf2+ 87. Ke1 Rg2 88. Rh7 h2 89. Kf1 Rg6 90. Rh8 Rf6+ 91. Ke2 Kg2 92. Rg8+ Kh3 93. Rh8+ Kg3 94. Rg8+ Kh3 95. Rh8+ Kg3 96. Rg8+ Kh4 97. Rh8+ Kg3 1/2-1/2

[Event "Late-Titled-Tuesday-Blitz-May-07-2024"]
[Site "Chess.com"]
[Date "2024.05.07"]
[Round "4"]
[White "BardArtem"]
[Black "Jospem"]
[Result "1-0"]
[WhiteElo "2786"]
[BlackElo "2994"]
[TimeControl "180+1"]
[EndTime "14:41:45 PDT"]
[Termination "BardArtem won on time"]

1. d4 Nf6 2. Nc3 d5 3. Bf4 a6 4. e3 Bf5 5. Nf3 e6 6. Ne5 h6 7.
Bd3 Bxd3 8. cxd3 Nbd7 9. O-O Nxe5 10. Bxe5 Nd7 11. Bg3 Be7 12. Rc1 c6 13. Qb3 Qb6 14. Qxb6 Nxb6 15. Rc2 O-O 16. Rfc1 Rfc8 17. Kf1 f6 18. h4 h5 19. Ke2 Kf7 20. f3 f5 21.
e4 Bf6 22. e5 Be7 23. Bf2 a5 24. a3 Rh8 25. Rh1 a4 26. Be3 Nd7 27. Bg5 Bxg5 28.
hxg5 Nf8 29. Ke3 Ng6 30. Ne2 h4 31. Rc5 Ra6 32. Nf4 Rb6 33. Rc2 Rb3 34. Ne2 Rh5 35. f4 Rh8 36. Ng1 c5 37. Rxc5 Rxb2 38. g3 Ne7 39.
gxh4 Nc6 40. h5 Rb3 41. Nf3 Rxa3 42. Rb5 Rb3 43. Rxb3 axb3 44. Rb1 Rxh5 45. Rxb3 Nd8 46. Rc3 Nc6 47. Rb3 Rh3 48. Rxb7+ Kf8 49. Kf2 Rh1 50. g6 Ra1 51. Rc7 Ne7 52. Ng5 Nxg6 53. Nxe6+ Ke8 54. Nxg7+ Kd8 55. Ne6+ Ke8 56. Rg7 Ne7 57. Nc7+ Kf8 58.
Ne6+ Ke8 59. Ke3 Re1+ 60. Kd2 Ra1 61. Rh7 Rb1 62. Kc3 Rb6 63. Nc5 Ng6 64. Rh6 Kf7 65. Kd2 Rb2+ 66. Ke3 Rb1 67. e6+ Kg7 68. Rh2 Re1+ 69.
Kd2 Ra1 70. Re2 Kf6 71. Nd7+ Ke7 72. Ne5 Nxf4 73. Nc6+ Ke8 74. Re5 Ra2+ 75. Kc3 Ne2+ 76.
Kb3 Nc1+ 77. Kc3 Ne2+ 78. Kb4 f4 79. Rh5 Kf8 80. e7+ Kf7 81. Rh7+ Kg6 82. e8=Q+ Kxh7 83. Ne7 Rb2+ 84. Ka3 Rb6 85. Qg8+ Kh6 86. Nf5+ Kh5 87.
Qxd5 Kg4 88. Nd6 Rb1 89. Qf5+ Kf3 90. Qh5+ Kf2 91. Ne4+ Ke3 92. d5 f3 93. d6 Kxd3 94. d7 Nd4 95. Nc5+ Kc3 96. Na4+ Kc4 97. Qf7+ Kb5 98. Nc3+ Kc5 99. Nxb1 1-0

[Event "Late-Titled-Tuesday-Blitz-May-07-2024"]
[Site "Chess.com"]
[Date "2024.05.07"]
[Round "4"]
[White "Blackmind96"]
[Black "LaStreetCmaMaison"]
[Result "1-0"]
[WhiteElo "2890"]
[BlackElo "2614"]
[TimeControl "180+1"]
[EndTime "14:41:52 PDT"]
[Termination "Blackmind96 won by resignation"]

1. d4 Nc6 2. Nf3 d6 3. c4 e5 4. Nc3 g6 5. dxe5 Be6 6. Bg5 Qd7 7. exd6 Bxd6 8. e3 Nge7 9. Bf6 Rg8 10. Ne4 Bb4+ 11. Bc3 Bxc3+ 12. Nxc3 O-O-O 13. Qxd7+ Rxd7 14. Rd1 Rxd1+ 15. Kxd1 Rd8+ 16. Kc1 Nb4 17. Nd4 Nf5 18. Nxe6 fxe6 19. a3 Nc6 20. Be2 Rf8 21. g3 Nd6 22.
Rf1 Na5 23. Nb5 Naxc4 24. Nxa7+ Kd7 25. Nb5 Ne5 26. Nc3 h5 27. h3 Nf3 28. Bxf3 Rxf3 29. Kd1 Nc4 30. Ke2 Rf5 31. Rb1 b5 32. a4 c6 33.
axb5 cxb5 34. b3 Na3 35. Rd1+ Kc6 36. Na2 Rc5 37. g4 Nc2 38. Rd2 Kb6 39. Kd1 Na3 40.
Nb4 Ka5 41. Na2 b4 42. gxh5 Rxh5 43. Rd6 Rxh3 44. Rxe6 Rh1+ 45. Ke2 Ra1 46. Nxb4 Kxb4 47. Rxg6 Ra2+ 48. Kd3 Rxf2 49. Rb6+ Kc5 50. Rb8 Nb1 51. Rc8+ Kd6 52. Rc1 Rb2 53. Kc4 Ke5 54. Rd1 Ke4 55.
Rd4+ Kxe3 56. Rd8 Na3+ 57. Kc3 Rc2+ 58. Kb4 Nb1 59. Re8+ Kd2 60. Rd8+ Kc1 61. Rh8 Nd2 62. Rh1+ Kb2 63. Ka4 Nxb3 64. Rh3 Rc4+ 65. Kb5 Rg4 66. Rh2+ Kc3 67. Rh5 Nd4+ 68. Kc5 Rg3 69. Rh8 Kd3 70.
Kd5 Rg5+ 71. Kd6 Rg6+ 72. Ke5 Re6+ 73. Kd5 Re3 74. Ra8 Nc2 75. Rc8 Nb4+ 76. Kd6 Kd4 77.
Rh8 Re4 78. Rh1 Rg4 79. Rd1+ Nd3 80. Ra1 Rg6+ 81. Ke7 Ne5 82. Rd1+ Ke4 83. Re1+ Kf5 84. Rf1+ Kg5 85. Rg1+ Ng4 86. Kf7 Rf6+ 87. Kg7 Ra6 88. Rf1 Ne5 89. Rg1+ Kf5 90. Rf1+ Ke6 91. Rf6+ Kd5 92.
Rxa6 Kd4 93. Kf6 Nc4 94. Ke6 Kc3 95. Ra1 Kb2 96. Rh1 Kc3 97. Kd5 Ne3+ 98. Kc5 Nc2 99. Rh2 Kd3 100. Rh3+ Kd2 101. Kc4 Ne3+ 102. Kd4 Nc2+ 103. Ke4 Ke2 104. Rh2+ Kd1 105. Rf2 Ne1 106. Ke3 Kc1 107. Rf1 Kd1 108. Rh1 Kc2 109. Rxe1 1-0